Map: Polka LE

Players

Артурииик - Winner!

  • Race: Terran Terran
  • Spawn Location: 11:00

лопата - Winner!

  • Race: Zerg Zerg
  • League: Platinum
  • Spawn Location: 11:00

qqq

  • Race: Zerg Zerg
  • League: Platinum
  • Spawn Location: 5:00

Massa

  • Race: Terran Terran
  • League: Platinum
  • Spawn Location: 5:00

VOD

Have the link to the VOD?

Description

Time

  • Played on: Dec. 13, 2020, 12:17 p.m.
  • Length: 4:49
Show
View Real Time Build Order
Export as new Build Order

Артурииик Terran - Winner!

Build Orders:  

Get SALT Encoding   

  12  0:00  SCV  
  13  0:13  SCV  
  14  0:18  Supply Depot  
  14  0:25  SCV  
  15  0:40  Barracks  
  15  0:43  SCV  
  16  0:54  Barracks  
  16  0:58  SCV  
  17  1:05  Refinery  
  17  1:10  SCV  
  18  1:22  SCV  
  19  1:27  Marine  
  20  1:35  Barracks  
  20  1:41  Marine  
  21  1:51  Marine  
  22  1:57  Barracks  
  22  1:59  Marine  
  23  2:13  Supply Depot  
  23  2:34  Marine x3  
  26  2:39  Supply Depot  
  26  2:43  Marine  
  27  2:45  Barracks  
  27  2:52  Marine x2  
  29  2:59  Marine  
  29  3:01  Marine  
  31  3:10  Marine x2  
  33  3:17  Marine  
  33  3:19  Marine  
  35  3:26  Supply Depot  
  35  3:27  Marine x2  
  35  3:32  Marine  
  38  3:35  Marine  
  39  3:47  Marine x3  
  41  3:50  Marine  
  41  3:53  Marine  
  38  4:05  Marine x3  
  38  4:08  Marine  
  42  4:10  Marine  
  43  4:23  Marine x3  
  43  4:26  Marine  
  43  4:28  Marine  
  43  4:29  Supply Depot  
Show
View Real Time Build Order
Export as new Build Order

лопата Zerg - Winner!

Build Orders: Hatch First 

Get SALT Encoding   

  12  0:00  Drone  
  13  0:13  Overlord  
  13  0:17  Drone  
  14  0:42  Hatchery  
  14  0:46  Extractor  
  14  0:47  Drone  
  13  0:51  Drone  
  13  0:56  Drone  
  16  1:04  Drone  
  16  1:19  Spawning Pool  
  16  1:23  Drone  
  16  1:27  Drone  
  17  1:33  Drone  
  18  1:47  Drone  
  19  1:59  Overlord  
  19  2:05  Zergling x2  
  19  2:07  Zergling x2  
  21  2:09  Zergling x2  
  21  2:10  Queen  
  21  2:12  Metabolic Boost  
  21  2:15  Zergling x2  
  25  2:18  Zergling x2  
  26  2:25  Zergling x2  
  26  2:29  Zergling x2  
  28  2:35  Zergling x2  
  29  2:38  Overlord  
  29  2:48  Zergling x2  
  29  2:49  Zergling x2  
  31  2:59  Zergling x2  
  32  3:06  Zergling x2  
  33  3:13  Zergling x2  
  33  3:14  Zergling x2  
  35  3:24  Zergling x6  
  35  3:25  Zergling x2  
  35  3:26  Zergling x2  
  40  3:33  Zergling x2  
  41  3:34  Zergling x2  
  42  3:46  Zergling x2  
  42  3:47  Zergling x2  
  37  4:00  Zergling x2  
  37  4:01  Zergling x2  
  35  4:08  Zergling x2  
  35  4:09  Zergling x2  
  37  4:28  Zergling x4  
  37  4:29  Zergling x4  
Show
View Real Time Build Order
Export as new Build Order

qqq Zerg 

Build Orders: Hatch First 

Get SALT Encoding   

  12  0:00  Drone  
  13  0:08  Drone  
  14  0:19  Overlord  
  14  0:29  Extractor  
  14  0:32  Drone  
  15  0:43  Drone  
  16  0:54  Hatchery  
  15  0:58  Drone  
  15  1:00  Drone  
  17  1:04  Extractor  
  17  1:05  Drone  
  17  1:31  Drone x3  
  20  1:47  Drone  
  21  2:03  Spawning Pool  
  20  2:10  Drone  
  20  2:12  Drone x2  
  23  2:16  Extractor  
  23  2:17  Overlord  
  23  2:21  Drone  
  23  2:29  Drone  
  24  2:33  Drone  
  25  2:38  Drone  
  25  2:41  Hatchery  
  25  2:43  Drone  
  26  2:50  Lair  
  26  2:54  Drone x2, Baneling Nest  
  27  2:59  Zergling x2  
  27  3:00  Drone  
  29  3:10  Zergling x2  
  29  3:11  Drone  
  31  3:14  Queen  
  31  3:19  Zergling x2  
  34  3:27  Zergling x2  
  35  3:31  Zergling x2  
  36  3:40  Baneling x3  
  36  3:41  Baneling x3  
  36  3:43  Overlord x2  
  36  3:44  Overlord  
  36  3:53  Zergling x2  
  23  4:10  Queen  
  23  4:11  Drone x2  
  23  4:15  Zergling x4  
  23  4:16  Baneling  
  23  4:17  Baneling  
  29  4:24  Spine Crawler  
  29  4:27  Drone  
  29  4:28  Drone  
  29  4:29  Zergling x2  
Show
View Real Time Build Order
Export as new Build Order

Massa Terran 

Build Orders: Liberator Opening 

Get SALT Encoding   

  12  0:00  SCV  
  13  0:12  SCV  
  14  0:24  Supply Depot  
  14  0:29  SCV  
  14  0:33  Refinery  
  15  0:45  SCV  
  15  0:47  Barracks  
  16  0:57  SCV  
  17  1:04  Refinery  
  17  1:09  SCV  
  18  1:22  SCV  
  19  1:34  SCV  
  19  1:36  Supply Depot  
  20  1:41  Factory  
  20  1:51  Supply Depot  
  20  1:53  Orbital Command  
  21  2:15  Reaper  
  21  2:21  SCV  
  22  2:24  Hellion  
  24  2:30  Starport  
  24  2:36  SCV  
  25  2:47  Reaper  
  25  2:50  Factory Tech Lab  
  26  3:04  Command Center  
  26  3:13  Siege Tank  
  29  3:20  Marine  
  29  3:24  Bunker  
  30  3:28  Liberator  
  30  3:29  Barracks  
  33  3:38  Marine  
  32  4:12  Supply Depot  
  32  4:13  Supply Depot  
  32  4:15  Marine  
  32  4:16  Widow Mine  
  33  4:20  Marine  
  27  4:25  SCV  
Tags
 
Add a new tag
Caveats
  • Supply blocks, unpowered buildings, or Contaminate may cause inaccurate times.
  • Supply counts are checked every 10 seconds.